 Dungeon Crawl Stone Soup version 0.30.1-11-g7821555f0a (webtiles) character file.

Game seed: 18223271832931339149

5223 KittyFluff the Protected (level 10, -21/91 HPs)
             Began as a Gargoyle Berserker on Nov 12, 2023.
             Was an Elder of Trog.
             Demolished by Gastronok (27 damage)
             ... on level 8 of the Dungeon on Nov 13, 2023.
             The game lasted 00:25:29 (6471 turns).

KittyFluff the Protected (Gargoyle Berserker)       Turns: 6471, Time: 00:25:30

Health: -21/91     AC: 22    Str: 25    XL:     10   Next: 61%
Magic:  10/10      EV: 12    Int:  8    God:    Trog [****..]
Gold:   418        SH:  8    Dex:  9    Spells: 9/9 levels left

rFire   . . .        i - +4 mace (protect)
rCold   . . .        A - +0 kite shield
rNeg    + + .        h - +0 steam dragon scales
rPois   ∞            (no helmet)
rElec   +            a - +0 cloak
rCorr   .            (no gloves)
SInv    .            (no boots)
Will    .....        I - amulet of regeneration Stlth
                     b - ring of positive energy
HPRegen 1.15/turn    (no ring)
MPRegen 0.12/turn

%: no passive effects
@: berserking, under a protective aura, slowed
A: sickness immunity, AC +7, negative energy resistance 1, electricity
resistance, torment resistance 1, petrification resistance
a: Renounce Religion, Berserk, Trog's Hand, Brothers in Arms


You were on level 8 of the Dungeon.
You worshipped Trog.
Trog was greatly pleased with you.
You visited 1 branch of the dungeon, and saw 8 of its levels.

You collected 418 gold pieces.

Inventory:

Hand Weapons
 d - a +0 sling
 i - a +4 mace of protection (weapon)
Missiles
 q - 29 poisoned darts (quivered)
 t - 5 datura-tipped darts
 G - 2 throwing nets
Armour
 a - a +0 cloak (worn)
 h - +0 steam dragon scales (worn)
 m - a +0 chain mail of poison resistance
 A - a +0 kite shield (worn)
Jewellery
 b - a ring of positive energy (left hand)
 I - an amulet of regeneration (around neck)
Wands
 x - a wand of digging (7)
 y - a wand of paralysis (15)
 z - a wand of light (9)
 D - a wand of iceblast (15)
Scrolls
 f - a scroll of enchant weapon {unknown}
 g - a scroll of magic mapping {unknown}
 j - a scroll of teleportation {unknown}
 k - 2 scrolls of fog {unknown}
 l - a scroll of brand weapon {unknown}
 v - 2 scrolls of immolation {unknown}
 w - a scroll of blinking {unknown}
 B - a scroll of amnesia {unknown}
 E - a scroll of vulnerability {unknown}
 H - a scroll of identify
Potions
 c - 4 potions of invisibility
 e - 2 potions of curing
 n - 4 potions of mutation
 o - 2 potions of might
 p - 2 potions of flight
 r - a potion of attraction
 s - 2 potions of lignification {unknown}
 u - a potion of heal wounds {unknown}
 C - a potion of haste {unknown}
 F - 2 potions of cancellation {unknown}


   Skills:
 + Level 6.9 Fighting
 * Level 8.6 Maces & Flails
 * Level 9.2 Armour
 + Level 4.9 Dodging
 + Level 6.4 Stealth
 + Level 4.1 Shields


You had 9 spell levels left.
You didn't know any spells.
Your spell library was empty.

Dungeon Overview and Level Annotations

Branches:
Dungeon (8/15)             Temple (0/1) D:7
   Lair: D:8-11

Altars:
Ashenzari
Cheibriados
Dithmenos
Fedhas
Gozag
Hepliaklqana
Kikubaaqudgha
Nemelex Xobeh
Qazlal
Xom
The Shining One

Shops:
D:3 =

Annotations:
D:8 Gastronok


Innate Abilities, Weirdness & Mutations

You are immune to sickness and miasma.
Your stone body is resilient. (AC +7)
You are immune to poison.
You resist negative energy. (rN+)
You are resistant to electric shocks. (rElec)
You are resistant to unholy torment.
You are immune to petrification.


Message History

You hit the wyvern but do no damage.
The wyvern is almost dead.
The bat closely misses you. The wyvern misses you.
The rat bites you but does no damage. You block the wyvern's attack.
The rat bites you but does no damage. The bat hits you but does no damage.
Gastronok looks at you while chanting.
You barely resist. The wyvern barely misses you.
You hit the wyvern.
You kill the wyvern!
Trog accepts your kill. You block the bat's attack. The rat misses you.
You hit Gastronok.
Gastronok is lightly wounded.
You block the bat's attack. The rat barely misses you. Gastronok bites you!!
The rat bites you but does no damage. The bat closely misses you.
You sock Gastronok!
Gastronok is lightly wounded.
The bat hits you but does no damage. The rat closely misses you.
Gastronok bites you.
* * * LOW HITPOINT WARNING * * *
The rat bites you but does no damage.
You sock Gastronok!
Gastronok is lightly wounded.
The bat hits you but does no damage. x2; The rat bites you but does no damage.
Gastronok casts a spell at you.
You feel as though you will be slow longer.
The bat closely misses you.
You hit Gastronok.
Gastronok is lightly wounded.
The bat closely misses you. x2; The rat bites you but does no damage. x2
Gastronok bites you!!
* * * LOW HITPOINT WARNING * * *
A red film seems to cover your vision as you go berserk!
You feel yourself moving faster!
You feel mighty! The bat misses you. The rat bites you but does no damage.
You thump Gastronok!
Gastronok is moderately wounded.
The bat hits you but does no damage. The rat closely misses you.
The bat closely misses you. Gastronok bites you!!
You die...

/.. #.............#
.. #.............#
#.............#
#####........>....#
..................#
..................#
....(.............#
.......b..........#
.......@r.........#
........w.........#
....###############
... ..


You could see Gastronok (swift), a bat (summoned) and a rat (summoned).

Vanquished Creatures
  Erica (D:8)
  A two-headed ogre (D:7)
  A boulder beetle (D:7)
  Pikel (D:6)
  Joseph (D:7)
  A wyvern (D:8)
  A steam dragon (D:6)
  Menkaure (D:4)
  An acid dragon (D:7)
  A water moccasin (D:7)
  A sky beast (D:6)
  4 orc warriors
  An ice beast (D:7)
  A centaur (D:8)
  2 kobold brigands
  3 bullfrogs
  2 scorpions (D:6)
  A howler monkey (D:7)
  A quasit (D:8)
  A jelly (D:6)
  7 hounds
  2 gnoll boudas (D:7)
  3 orc priests
  9 iguanas
  5 orc wizards
  4 gnolls (D:7)
  2 adders
  3 shadow imps (D:8)
  6 white imps
  3 ufetubi
  3 worms
  19 orcs
  6 ball pythons
  6 endoplasms
  3 giant cockroaches
  6 goblins
  4 hobgoblins
  14 kobolds
  3 quokkas
  4 bats (D:1)
  3 frilled lizards
  13 rats
155 creatures vanquished.

Notes
Turn   | Place    | Note
-------+----------+-------------------------------------------
     0 | D:1      | KittyFluff the Gargoyle Berserker began the quest for the
                  | Orb.
     0 | D:1      | Reached XP level 1. HP: 14/14 MP: 1/1
    71 | D:1      | Found a faded altar of an unknown god.
   143 | D:1      | Reached XP level 2. HP: 19/19 MP: 2/2
   523 | D:1      | Reached XP level 3. HP: 23/23 MP: 3/3
   608 | D:1      | You fall into a shaft and drop 1 floor!
   788 | D:1      | Reached skill level 1 in Stealth
  1044 | D:2      | Reached ** piety under Trog
  1063 | D:2      | Found a stormy altar of Qazlal.
  1752 | D:3      | Reached skill level 3 in Armour
  1752 | D:3      | Reached XP level 4. HP: 28/29 MP: 4/4
  1801 | D:3      | Found a snail-covered altar of Cheibriados.
  1839 | D:3      | Found a broken altar of Ashenzari.
  1897 | D:3      | Found Quys's Jewellery Emporium.
  2374 | D:4      | Reached XP level 5. HP: 33/33 MP: 5/5
  2508 | D:4      | Noticed Menkaure
  2521 | D:4      | Killed Menkaure
  2522 | D:4      | Reached skill level 4 in Armour
  2522 | D:4      | Reached XP level 6. HP: 29/38 MP: 6/6
  2600 | D:4      | Found a hazy altar of Hepliaklqana.
  2654 | D:4      | Found an ancient bone altar of Kikubaaqudgha.
  2706 | D:5      | Entered Level 5 of the Dungeon
  2917 | D:5      | Found a sparkling altar of Nemelex Xobeh.
  2917 | D:5      | Found an opulent altar of Gozag.
  3234 | D:5      | Reached XP level 7. HP: 43/43 MP: 7/7
  3284 | D:5      | Reached *** piety under Trog
  3486 | D:6      | Found a shadowy altar of Dithmenos.
  3539 | D:6      | Reached skill level 5 in Maces & Flails
  3557 | D:6      | Noticed a steam dragon
  3566 | D:6      | Killed a steam dragon
  3567 | D:6      | Reached skill level 5 in Armour
  3726 | D:6      | Found a glowing golden altar of the Shining One.
  3818 | D:6      | Noticed Pikel
  3846 | D:6      | Paralysed by Pikel for 3 turns
  3849 | D:6      | Killed Pikel
  3850 | D:6      | Reached skill level 5 in Fighting
  3850 | D:6      | Reached skill level 6 in Armour
  3850 | D:6      | Reached XP level 8. HP: 24/49 MP: 8/8
  4618 | D:7      | Reached skill level 1 in Shields
  4656 | D:7      | Reached XP level 9. HP: 54/54 MP: 9/9
  4673 | D:7      | Reached skill level 7 in Armour
  4799 | D:7      | Reached skill level 5 in Stealth
  4836 | D:7      | Reached **** piety under Trog
  4870 | D:7      | Noticed Joseph
  4890 | D:7      | Killed Joseph
  5103 | D:7      | Found a staircase to the Ecumenical Temple.
  5129 | D:7      | Found a shimmering altar of Xom.
  5129 | D:7      | Found a blossoming altar of Fedhas.
  5203 | D:7      | HP: 1/55 [orc warrior/+0 halberd (4)]
  5208 | D:7      | Reached skill level 8 in Armour
  5524 | D:8      | Noticed a two-headed ogre
  5537 | D:7      | Killed a two-headed ogre
  5538 | D:7      | Reached XP level 10. HP: 28/61 MP: 10/10
  5707 | D:8      | Noticed a boulder beetle
  5752 | D:7      | Killed a boulder beetle
  6217 | D:8      | Noticed Erica
  6239 | D:8      | Killed Erica
  6240 | D:8      | Reached skill level 9 in Armour
  6442 | D:8      | Noticed Gastronok
  6469 | D:8      | HP: 2/61 [Gastronok (18)]
  6471 | D:8      | Demolished by Gastronok

Illustrated notes

Levels and vault maps discovered:
D:1:      nzn_arrival_crosshair, layout_basic, basic_ecumenical_altar,
          nrook_mini_backslash, st_stairs_7
D:2:      layout_loops_corners, basic_altar, kennysheep_generic_room_11
D:3:      layout_rooms, mainiacjoe_overflow_six_doors_small, lemuel_round_altar,
          serial_shops, nicolae_shop_competitors_out_of_business
D:4:      layout_cave_pools, general_overflow_altar, lemuel_doored_altar,
          minmay_stone_trees_medium, uniq_menkaure
D:5:      layout_loops_cross, grunt_temple_overflow_opulence,
          grunt_decor_clamped
D:6:      layout_loops_ring, nicolae_tso_swordbearing_angel,
          mainiacjoe_overflow_concentric_impassable, uniq_pikel
D:7:      layout_rooms, gammafunk_temple_overflow_wave,
          minmay_temple_entry_wispy, st_stairs_1, uniq_joseph
D:8:      layout_gridville, dpeg_oklobed_lair, serial_demonic, serial_demonic_c,
          serial_demonic_e, serial_demonic_g, serial_demonic_g,
          serial_demonic_g, serial_demonic_d, serial_demonic_e,
          small_statue_intersection, amcnicky_mini_pool_small,
          chequers_serial_rivers_micro_d, chequers_serial_rivers_micro_b,
          uniq_erica, uniq_gastronok, uniq_prince_ribbit1

Skill      XL: |  1  2  3  4  5  6  7  8  9 10 |
---------------+-------------------------------+-----
Stealth        | 1 2 4 5 6 |  6.4
Armour         | 3 4 6 8 9 |  9.2
Dodging        | 2 3 4 |  4.9
Maces & Flails | 4 6 8 |  8.6
Fighting       | 4 5 6 |  6.9
Shields        | 1 3 4 |  4.1

Action                     |  1- 3 |  4- 6 |  7- 9 | 10-12 || total
---------------------------+-------+-------+-------+-------++-------
  Melee: Mace              |    95 |   107 |   322 |   121 ||   645
         Punch             |     2 |     1 |     3 |       ||     6
  Throw: Dart              |       |     4 |       |       ||     4
 Invoke: Berserk           |       |       |     2 |     3 ||     5
    Use: Scroll            |       |       |     7 |       ||     7
   Stab: Sleeping          |       |       |     3 |     1 ||     4
 Armour: Animal skin       |    29 |       |       |       ||    29
         Leather armour    |     6 |    57 |   102 |       ||   165
         Steam dragon scal |       |       |    67 |    75 ||   142
  Dodge: Dodged            |    71 |    60 |   157 |    83 ||   371
  Block: Kite shield       |       |       |    80 |    61 ||   141
